 Dungeon Crawl Stone Soup version 0.27.1-33-g824d729ab1 (webtiles) character file.

Game seed: 605414102817049992

479 safid the Skirmisher (level 7, -5/63 HPs)
             Began as a Hill Orc Fighter on Nov 26, 2021.
             Slain by Blork the orc (9 damage)
             ... on level 4 of the Dungeon.
             The game lasted 00:09:23 (3550 turns).

safid the Skirmisher (Hill Orc Fighter)             Turns: 3550, Time: 00:09:24

Health: -5/63      AC:  8    Str: 21    XL:     7   Next: 11%
Magic:  16/16      EV:  7    Int:  8    God:
Gold:   117        SH: 10    Dex: 10    Spells: 6/6 levels left

rFire    . . .     SeeInvis .   a - +0 war axe
rCold    . . .     Faith    .   c - +0 kite shield
rNeg     . . .     Spirit   .   b - +0 scale mail
rPois    .         Reflect  .   (no helmet)
rElec    .         Harm     .   (no cloak)
rCorr    .         Rampage  .   (no gloves)
Will     .....                  n - +0 pair of boots
Stlth    ..........             (no amulet)
HPRegen  0.20/turn              l - ring of magical power
MPRegen  0.15/turn              (no ring)

@: hasted, very quick
A: no striking features
a: no special abilities


You were on level 4 of the Dungeon.
You visited 1 branch of the dungeon, and saw 4 of its levels.

You collected 117 gold pieces.

Inventory:

Hand Weapons
 a - a +0 war axe (weapon)
Armour
 b - a +0 scale mail (worn)
 c - a +0 kite shield (worn)
 n - a +0 pair of boots (worn)
 u - a +0 helmet
Jewellery
 d - a ring of ice
 l - a ring of magical power (left hand)
Scrolls
 f - a scroll of blinking {unknown}
 g - 3 scrolls of teleportation {unknown}
 h - 4 scrolls of vulnerability {unknown}
 i - a scroll of magic mapping {unknown}
 o - a scroll of immolation {unknown}
 r - 2 scrolls of identify {unknown}
Potions
 j - 2 potions of curing {unknown}
 k - a potion of degeneration {unknown}
 m - a potion of invisibility {unknown}
 p - a potion of cancellation {unknown}
 q - 2 potions of lignification {unknown}
 s - 2 potions of flight {unknown}
 t - 2 potions of heal wounds {unknown}


   Skills:
 + Level 6.1 Fighting
 + Level 6.0 Axes
 - Level 3.2 Armour
 + Level 5.6 Shields


You had 6 spell levels left.
You didn't know any spells.
Your spell library contained the following spells:

 Spells                   Type           Power      Damage    Failure   Level
 Shock                    Conj/Air       0%         1d3       98%         1
 Swiftness                Air            0%         N/A       100%        3
 Airstrike                Air            0%         N/A       100%        4


Dungeon Overview and Level Annotations

Branches:
Dungeon (4/15)
 Temple: D:4-7

Altars:
The Shining One

Shops:
D:1 :[*[[

Annotations:
D:4 Blork the orc


Message History

Blork the orc looks satisfied for a moment.
Blork the orc looks satisfied for a moment.
Blork the orc gestures at you while chanting.
The puff of flame hits you.
A bullfrog skeleton comes into view.
You feel yourself speed up.
You slash the bullfrog skeleton!
The bullfrog skeleton is heavily damaged.
You hit Blork the orc.
The bullfrog skeleton hits you but does no damage.
You block Blork the orc's attack.
Unknown command.
You hit the bullfrog skeleton.
The bullfrog skeleton is severely damaged.
You closely miss Blork the orc.
Blork the orc hits you with a +0 battleaxe.
The bullfrog skeleton hits you but does no damage.
You hit the bullfrog skeleton.
The bullfrog skeleton is severely damaged.
You barely miss Blork the orc.
Blork the orc hits you with a +0 battleaxe!
* * * LOW HITPOINT WARNING * * *
You block the bullfrog skeleton's attack.
Blork the orc barely misses you.
The bullfrog skeleton hits you but does no damage.
You barely miss the bullfrog skeleton.
The bullfrog skeleton is severely damaged.
You closely miss Blork the orc.
You hear the slow hiss of an avalanche of sand nearby.
You block Blork the orc's attack.
You block the bullfrog skeleton's attack.
Unknown command.
You barely miss the bullfrog skeleton.
The bullfrog skeleton is severely damaged.
You hit Blork the orc.
Blork the orc hits you with a +0 battleaxe!
* * * LOW HITPOINT WARNING * * *
You block the bullfrog skeleton's attack.
Blork the orc hits you with a +0 battleaxe!
You die...

. ...
.....###################
......Z@o...............
.....#############.#####
... #.....o . #..####
#..# . #..# . ##.# . .^
.. #...


You could see Blork the orc (fast) and a bullfrog skeleton.

Vanquished Creatures
  4 wights (D:3)
  A howler monkey (D:4)
  2 centaur skeletons
  Natasha (thrice) (D:2)
  3 gnolls (D:4)
  5 adders
  An ufetubus (D:4)
  A worm (D:2)
  A dart slug (D:1)
  An orc (D:3)
  8 ball pythons
  4 bats
  4 endoplasms
  2 giant cockroaches (D:1)
  5 goblins
  3 hobgoblins
  A quokka (D:2)
  7 kobolds
  4 rats
60 creatures vanquished.

Notes
Turn   | Place    | Note
-------+----------+-------------------------------------------
     0 | D:1      | safid the Hill Orc Fighter began the quest for the Orb.
     0 | D:1      | Reached XP level 1. HP: 19/19 MP: 1/1
    66 | D:1      | Found Xammoel's Antique Armour Shoppe.
    85 | D:1      | Reached XP level 2. HP: 27/27 MP: 2/2
   194 | D:1      | Found Liob Efeapp's General Store.
   206 | D:1      | Found Jeoluyb's Book Emporium.
   218 | D:1      | Found Cuokazu's Armour Shop.
   302 | D:1      | Found a faded altar of an unknown god.
   465 | D:1      | Found Zeubag's Armour Emporium.
  1075 | D:2      | Noticed Natasha
  1084 | D:2      | Killed Natasha
  1085 | D:2      | Reached XP level 3. HP: 30/33 MP: 3/3
  1265 | D:2      | Noticed Natasha
  1276 | D:2      | Killed Natasha
  1277 | D:2      | Reached XP level 4. HP: 16/41 MP: 4/4
  2165 | D:2      | Noticed Natasha
  2178 | D:2      | Killed Natasha
  2179 | D:2      | Reached XP level 5. HP: 11/47 MP: 5/5
  2713 | D:3      | Reached skill level 5 in Fighting
  2716 | D:3      | Reached skill level 5 in Axes
  2716 | D:3      | Reached XP level 6. HP: 18/55 MP: 6/6
  2719 | D:3      | Reached skill level 5 in Shields
  3507 | D:4      | Reached XP level 7. HP: 23/63 MP: 7/7
  3507 | D:4      | Found a glowing golden altar of the Shining One.
  3521 | D:4      | Noticed Blork the orc
  3550 | D:4      | Slain by Blork the orc

Illustrated notes

Levels and vault maps discovered:
D:1:      psy_arrival_radial02, layout_basic,
          hellmonk_ecumenical_altar_lost_god, serial_shops,
          nicolae_lakefront_shop, shop, nicolae_shop_waterfront, shop_statue,
          nicolae_shop_stone, chequers_serial_rivers_large_a
D:2:      layout_loops_corners, minmay_stone_trees_small, uniq_natasha
D:3:      layout_basic
D:4:      layout_rooms, lemuel_tele_altar, enter_ossuary_5, uniq_blork_the_orc

Skill      XL: |  1  2  3  4  5  6  7 |
---------------+----------------------+-----
Axes           | 3 4 5 6 |  6.0
Fighting       | 4 5 6 |  6.1
Shields        | 4 5 |  5.6
Armour         | |  3.2

Action                   |  1- 3 |  4- 6 |  7- 9 || total
-------------------------+-------+-------+-------++-------
Melee: War axe           |    76 |   115 |    11 ||   202
  Use: Potion            |       |     1 |     1 ||     2
Armor: Scale mail        |    30 |    65 |     6 ||   101
Dodge: Dodged            |    33 |    38 |     2 ||    73
Block: Kite shield       |    40 |    65 |    11 ||   116
